 Seeded DCSS version 0.29-a0-334-gb41bcbb86e (webtiles) character file.

Game seed: 20220413 (custom seed)

65 a11behringer the Chopper (level 3, -4/33 HPs)
             Began as a Minotaur Berserker on Apr 13, 2022.
             Was a Follower of Trog.
             Slain by an iguana (6 damage)
             ... on level 4 of the Dungeon.
             The game lasted 00:03:48 (995 turns).

a11behringer the Chopper (Minotaur Berserker)        Turns: 995, Time: 00:03:49

Health: -4/33      AC: 10    Str: 23    XL:     3   Next: 94%
Magic:  2/2        EV:  8    Int:  4    God:    Trog [*.....]
Gold:   35         SH:  0    Dex:  9    Spells: 2/2 levels left

rFire   . . .      SeeInvis .   a - +0 hand axe
rCold   . . .      Faith    .   (no shield)
rNeg    . . .      Spirit   .   e - +0 chain mail
rPois   .          Reflect  .   (helmet restricted)
rElec   .          Harm     .   (no cloak)
rCorr   .          Rampage  .   g - +0 pair of gloves
Will    .....                   (no boots)
Stlth   ..........              (no amulet)
HPRegen 0.11/turn               (no ring)
MPRegen 0.08/turn               (no ring)

@: on berserk cooldown, slowed, very slow
A: horns 2, retaliatory headbutt
a: Renounce Religion, Berserk


You were on level 4 of the Dungeon.
You worshipped Trog.
Trog was aware of your devotion.
You visited 1 branch of the dungeon, and saw 3 of its levels.

You collected 35 gold pieces.

Inventory:

Hand Weapons
 a - a +0 hand axe (weapon)
Missiles
 j - 4 datura-tipped darts (quivered)
Armour
 b - a +0 animal skin
 e - a +0 chain mail (worn)
 g - a +0 pair of gloves (worn)
Scrolls
 d - 3 scrolls of enchant armour {unknown}
 h - a scroll of fog {unknown}
 i - a scroll of silence {unknown}
Potions
 c - a potion of mutation {unknown}
 f - a potion of brilliance {unknown}


   Skills:
 + Level 4.2 Fighting
 * Level 4.9 Axes
 + Level 3.2 Armour
 + Level 2.4 Dodging


You had 2 spell levels left.
You didn't know any spells.
Your spell library was empty.

Dungeon Overview and Level Annotations

Branches:
Dungeon (4/15)
 Temple: D:4-7

Altars:

Annotations:
D:4 Ijyb


Innate Abilities, Weirdness & Mutations

You have a pair of horns on your head.
You reflexively headbutt those who attack you in melee.


Message History

The iguana attacks as you move away!
The iguana bites you but does no damage.
The kobold shouts!
You hear a shout!
The iguana attacks as you move away! The iguana bites you!
* * * LOW HITPOINT WARNING * * *
A gnoll shaman comes into view. It is wielding a +0 club.
The gnoll shaman shouts!
There is an open door here.
A red film seems to cover your vision as you go berserk!
You feel yourself moving faster!
You feel mighty! The kobold hits you with a +0 whip.
* * * LOW HITPOINT WARNING * * *
The iguana bites you.
* * * LOW HITPOINT WARNING * * *
A ball python comes into view.
You slash the kobold!
You kill the kobold!
Trog accepts your kill.
You slash the iguana!
You kill the iguana!
Trog accepts your kill.
Found a notched emerald ring.
Things that are here:
a +0 whip; a stone You feel a strong urge to attack something.
You feel your anger nearly subside.
You are no longer berserk.
You are exhausted.
You feel yourself slow down.
Found a scroll labelled ZEZXACE MOME.
The gnoll shaman calls down the wrath of its god upon you.
You resist with significant effort.
The gnoll shaman hits you but does no damage.
The gnoll shaman hits you with a +0 club.
* * * LOW HITPOINT WARNING * * *
The gnoll shaman attacks as you move away!
The gnoll shaman hits you but does no damage.
The gnoll shaman mumbles some strange prayers to its god against you.
You resist with significant effort.
You open the door. The hound zombie barely misses you. The iguana bites you.
You die...

. .##K#
##.).## #.##.
.≈≈. .#
####.....##
#.##. ≈≈≈≈ #
##.........##
#. ≈≈≈P
.......g....#
.. .?Z..
#.##........+
... ......
...##.......#
.###
###.#......##
..
.=..#.Zgl.##
..
###S#..@.##
...##.#'##
#.##..#.#
....?....
.##..##.# ...
... ... ...
...


You could see Ijyb, a gnoll shaman, an iguana, a hound zombie and a ball python.

Vanquished Creatures
  An iguana (D:4)
  An adder (D:4)
  A dart slug (D:2)
  2 bats (D:1)
  2 endoplasms (D:1)
  5 hobgoblins (D:1)
  A jackal (D:1)
  2 quokkas (D:1)
  2 ball pythons (D:2)
  2 frilled lizards (D:1)
  3 goblins (D:1)
  5 kobolds
27 creatures vanquished.

Notes
Turn   | Place    | Note
-------+----------+-------------------------------------------
     0 | D:1      | a11behringer the Minotaur Berserker began the quest for the
                  | Orb.
     0 | D:1      | Reached XP level 1. HP: 19/19 MP: 0/0
   273 | D:1      | Reached XP level 2. HP: 27/27 MP: 1/1
   837 | D:2      | Reached XP level 3. HP: 30/33 MP: 2/2
   840 | D:2      | You fall into a shaft and drop 2 floors!
   904 | D:4      | Noticed Ijyb
   906 | D:4      | Noticed a phantom
   934 | D:4      | Noticed a scorpion
   995 | D:4      | Slain by an iguana

Illustrated notes

Levels and vault maps discovered:
D:1:      dpeg_arrival_round_b, layout_rooms, st_stairs_1,
          hangedman_decor_lopped
D:2:      minmay_general_purpose_star, layout_loops_ring, serial_shops,
          shop_statue, hellmonk_ecumenical_altar_heavens_door
D:4:      layout_loops_corners, minmay_temple_entry_statues_fountains,
          serial_undead, serial_undead_b, serial_undead_e, serial_undead_a,
          serial_undead_a, serial_undead_b, serial_undead_f, serial_undead_f,
          minmay_checkerbox, uniq_ijyb

Skill      XL: |  1  2 |
---------------+-------+-----
Axes           | 4 |  4.9
Fighting       | 4 |  4.2
Armour         | 3 |  3.2
Dodging        | |  2.4

Action                   || total
-------------------------++-------
Melee: Hand axe          ||    57
       Headbutt          ||     5
Invok: Berserk           ||     1
Armor: Chain mail        ||    43
       Animal skin       ||     1
Dodge: Dodged            ||    21

Table legend: (Time is in decaauts)
 A = Elapsed time spent in this place.
 B = Non-inter-level travel time spent in this place.
 C = Inter-level travel time spent in this place.
 D = Time resting spent in this place.
 E = Time spent auto-exploring this place.
 F = Levels seen in this place.
 G = Mean time per level.
                   A        B        C        D        E       F      G
               +--------+--------+--------+--------+--------+-----+--------+
         Total |    994 |    970 |     24 |      0 |    741 |   3 |  331.3 |
       Dungeon |    994 |    970 |     24 |      0 |    741 |   3 |  331.3 |
               +--------+--------+--------+--------+--------+-----+--------+

Top non-repeatable levels by time:
     D:1: 815 daAuts
     D:4: 149 daAuts
     D:2: 29 daAuts
